Map: Cosmic Sapphire

Players

Nice - Winner!

  • Race: Protoss Protoss
  • Spawn Location: 5:00

PtitDrogo

  • Race: Protoss Protoss
  • Spawn Location: 11:00

Event: DreamHack SC2 Masters 2022 Atlanta (Offline)

VOD

Have the link to the VOD?

Description

Time

  • Played on: Nov. 18, 2022, 11:14 a.m.
  • Length: 14:21

All games in this series

Show
View Real Time Build Order
Export as new Build Order

Nice Protoss - Winner!

Build Orders:  

Get SALT Encoding   

  12  0:00  Probe  
  13  0:12  Probe  
  14  0:18  Pylon  
  14  0:24  Probe (Chrono Boost)  
  15  0:37  Probe (Chrono Boost), Gateway  
  16  0:43  Probe  
  16  0:46  Assimilator  
  17  0:51  Assimilator  
  17  0:55  Probe (Chrono Boost)  
  18  1:07  Gateway  
  18  1:08  Probe (Chrono Boost)  
  19  1:14  Probe (Chrono Boost)  
  20  1:22  Probe  
  20  1:24  Cybernetics Core  
  21  1:31  Pylon  
  21  1:35  Probe  
  22  1:47  Probe  
  23  1:57  Warp Gate (Chrono Boost)  
  23  1:59  Probe  
  23  2:00  Stalker x2  
  28  2:18  Pylon  
  28  2:30  Stalker  
  28  2:36  Stalker  
  32  2:49  Gateway  
  32  2:59  Shield Battery, Pylon  
  32  3:23  Nexus  
  31  3:39  Stalker x2  
  35  3:43  Stalker  
  35  3:44  Probe  
  38  3:51  Pylon  
  38  3:56  Probe  
  39  4:03  Stalker  
  39  4:05  Stalker  
  43  4:12  Stalker  
  43  4:15  Probe  
  46  4:31  Stalker x2  
  46  4:38  Stalker  
  50  4:56  Stalker x2  
  50  5:01  Stalker  
  50  5:04  Probe  
  50  5:06  Probe  
  48  5:33  Robotics Facility  
  44  5:38  Stalker  
  44  5:39  Stalker  
  44  5:41  Pylon  
  38  6:02  Sentry  
  38  6:04  Probe x2  
  42  6:10  Adept x2  
  46  6:16  Probe  
  43  6:19  Shield Battery  
  43  6:20  Probe  
  43  6:23  Observer (Chrono Boost)  
  45  6:32  Probe  
  46  6:35  Observer (Chrono Boost)  
  46  6:36  Probe  
  48  6:44  Probe  
  49  6:48  Probe  
  50  6:55  Twilight Council  
  50  6:56  Probe  
  50  7:00  Probe (Chrono Boost)  
  52  7:04  Stalker  
  52  7:08  Observer  
  54  7:09  Probe (Chrono Boost)  
  54  7:12  Probe (Chrono Boost), Assimilator x2  
  56  7:19  Stalker  
  56  7:20  Probe (Chrono Boost)  
  56  7:21  Probe (Chrono Boost)  
  61  7:34  Dark Shrine  
  60  7:37  Probe  
  60  7:40  Probe  
  60  7:43  Pylon  
  62  7:45  Blink (Chrono Boost)  
  62  7:59  Pylon  
  62  8:01  Immortal (Chrono Boost)  
  66  8:09  Pylon  
  66  8:11  Pylon  
  66  8:13  Stalker x2  
  66  8:16  Pylon  
  66  8:18  Gateway  
  70  8:30  Nexus  
  70  8:36  Shield Battery  
  70  8:39  Observer (Chrono Boost), Stalker  
  73  8:42  Stalker  
  73  8:47  Stalker  
  77  8:51  Probe  
  77  8:52  Probe  
  79  9:03  Probe  
  79  9:04  Probe  
  79  9:06  Dark Templar  
  79  9:07  Dark Templar  
  85  9:11  Pylon  
  85  9:12  Dark Templar  
  85  9:16  Probe  
  88  9:23  Stalker  
  90  9:36  Forge  
  84  9:41  Stalker x2  
  84  9:44  Probe x3  
  90  9:48  Observer (Chrono Boost)  
  91  9:56  Probe x2  
  91  10:00  Protoss Ground Weapons Level 1 (Chrono Boost)  
  91  10:01  Charge  
  91  10:04  Dark Templar  
  93  10:14  Photon Cannon  
  93  10:26  Gateway  
  91  10:33  Stalker x3  
  97  10:39  Shadow Stride, Photon Cannon  
  97  10:43  Probe x3  
  97  10:48  Sentry  
  102  10:50  Shield Battery  
  102  10:51  Immortal  
  102  10:52  Pylon  
  102  10:54  Observer  
  106  11:07  Stalker  
  106  11:10  Gateway  
  108  11:16  Probe x3  
  108  11:17  Gateway  
  111  11:19  Assimilator  
  111  11:23  Assimilator  
  111  11:25  Observer, Pylon  
  111  11:29  Photon Cannon  
  111  11:30  Probe  
  111  11:31  Sentry x2  
  116  11:34  Warp Prism (Chrono Boost)  
  117  11:47  Protoss Ground Weapons Level 2 (Chrono Boost)  
  117  11:49  Pylon  
  117  11:50  Dark Templar x2  
  121  12:01  Dark Templar  
  123  12:02  Observer  
  123  12:04  Gateway  
  123  12:06  Gateway  
  123  12:10  Pylon  
  123  12:19  Nexus  
  123  12:26  Dark Templar x2  
  127  12:31  Stalker  
  127  12:32  Stalker  
  131  12:38  Zealot x2  
  133  12:55  Observer  
  109  13:03  Stalker x6  
  120  13:10  Observer  
  120  13:23  Stalker x2  
  122  13:36  Stalker x6  
  122  13:40  Photon Cannon  
  134  13:41  Shield Battery  
  134  13:43  Probe  
  134  13:44  Probe x3  
  138  13:49  Observer  
  138  13:55  Stalker x2  
  140  13:59  Stalker x2  
  142  14:06  Stalker  
  142  14:07  Stalker  
Show
View Real Time Build Order
Export as new Build Order

PtitDrogo Protoss 

Build Orders: Oracle Opening, Zealot Archon 

Get SALT Encoding   

  12  0:00  Probe  
  13  0:12  Probe  
  14  0:17  Pylon  
  14  0:24  Probe (Chrono Boost)  
  15  0:36  Probe (Chrono Boost)  
  15  0:37  Gateway  
  16  0:44  Probe (Chrono Boost)  
  16  0:47  Assimilator  
  17  0:51  Probe  
  17  0:55  Assimilator  
  18  1:03  Probe (Chrono Boost)  
  19  1:07  Gateway  
  19  1:13  Probe (Chrono Boost)  
  19  1:18  Probe (Chrono Boost)  
  20  1:24  Cybernetics Core  
  21  1:29  Probe  
  22  1:36  Pylon  
  22  1:42  Probe  
  23  1:54  Probe  
  23  2:01  Stargate  
  24  2:03  Warp Gate (Chrono Boost)  
  24  2:06  Stalker  
  26  2:13  Shield Battery  
  28  2:27  Stalker  
  28  2:37  Pylon  
  28  2:41  Oracle (Chrono Boost)  
  30  2:55  Nexus  
  30  2:58  Probe  
  31  3:05  Shield Battery  
  31  3:10  Probe  
  32  3:17  Twilight Council  
  32  3:24  Probe  
  33  3:27  Pylon  
  34  3:44  Stalker x2  
  37  3:50  Probe  
  38  4:02  Probe  
  39  4:04  Dark Shrine  
  40  4:11  Stalker  
  40  4:13  Stalker  
  40  4:16  Probe  
  44  4:21  Probe  
  45  4:32  Probe  
  45  4:34  Shield Battery  
  45  4:35  Stalker  
  45  4:37  Stalker  
  46  4:48  Probe  
  46  4:49  Probe  
  46  4:51  Gateway  
  45  5:00  Stalker  
  45  5:01  Stalker  
  50  5:07  Probe  
  50  5:08  Probe  
  43  5:23  Dark Templar  
  39  5:30  Dark Templar  
  39  5:32  Probe  
  40  5:39  Probe  
  36  5:44  Probe  
  36  5:46  Stalker  
  38  5:56  Probe x2 (Chrono Boost)  
  39  6:02  Pylon  
  39  6:04  Blink (Chrono Boost)  
  39  6:05  Probe (Chrono Boost)  
  39  6:06  Probe (Chrono Boost)  
  39  6:10  Probe (Chrono Boost)  
  39  6:11  Probe (Chrono Boost)  
  43  6:22  Probe  
  43  6:23  Probe  
  45  6:31  Gateway  
  45  6:32  Gateway  
  45  6:34  Probe  
  45  6:35  Probe  
  45  6:39  Assimilator, Stalker  
  49  6:41  Stalker  
  49  6:43  Archon  
  49  6:44  Stalker  
  49  6:47  Probe x2  
  55  6:59  Probe  
  56  7:07  Pylon  
  56  7:12  Stalker x3  
  56  7:15  Pylon  
  62  7:21  Nexus  
  62  7:27  Probe x2  
  62  7:29  Stalker  
  66  7:34  Stalker  
  68  7:38  Gateway  
  68  7:45  Stalker x2  
  68  7:50  Stalker  
  74  7:53  Pylon  
  74  8:00  Stalker  
  74  8:03  Stalker  
  78  8:15  Stalker x3  
  78  8:16  Probe  
  78  8:19  Probe  
  85  8:30  Probe (Chrono Boost)  
  85  8:32  Shield Battery, Probe (Chrono Boost)  
  85  8:33  Probe (Chrono Boost)  
  88  8:37  Dark Templar  
  91  8:42  Probe (Chrono Boost)  
  91  8:43  Probe (Chrono Boost)  
  91  8:44  Probe (Chrono Boost)  
  91  8:45  Robotics Facility  
  93  8:51  Pylon  
  93  8:56  Forge  
  93  8:58  Pylon  
  93  9:09  Probe x3  
  96  9:12  Stalker x2  
  98  9:28  Stalker x3  
  99  9:37  Observer (Chrono Boost)  
  93  9:38  Probe (Chrono Boost)  
  93  9:44  Probe (Chrono Boost)  
  91  9:47  Probe (Chrono Boost)  
  88  9:56  Zealot x5  
  96  10:00  Probe x3 (Chrono Boost)  
  96  10:03  Warp Prism (Chrono Boost)  
  101  10:09  Charge (Chrono Boost)  
  101  10:16  Pylon  
  101  10:23  Probe  
  101  10:24  Probe  
  101  10:26  Probe  
  101  10:35  Probe  
  101  10:36  Stalker x4  
  109  10:43  Pylon  
  109  10:45  Pylon  
  109  10:47  Pylon  
  109  10:50  Pylon  
  109  10:54  Assimilator  
  109  10:59  Protoss Ground Weapons Level 1 (Chrono Boost)  
  109  11:01  Probe x3  
  109  11:04  Observer (Chrono Boost)  
  113  11:07  Assimilator  
  113  11:08  Assimilator  
  113  11:13  Probe x3  
  116  11:20  Photon Cannon  
  116  11:22  Zealot x3  
  125  11:25  Probe x3  
  125  11:37  Probe x3  
  125  11:39  Robotics Bay  
  128  11:41  Dark Templar  
  130  11:49  Probe x3  
  130  11:51  Dark Templar, Pylon  
  135  11:55  Dark Templar  
  135  12:01  Dark Templar  
  139  12:02  Probe x2  
  139  12:03  Pylon  
  139  12:07  Pylon  
  141  12:09  Probe  
  141  12:14  Probe  
  141  12:17  Photon Cannon  
  141  12:23  Disruptor (Chrono Boost)  
  141  12:27  Pylon  
  144  12:30  Nexus  
  127  12:52  Stalker x5  
  121  13:08  Disruptor (Chrono Boost)  
  121  13:12  Probe x2  
  115  13:21  Dark Templar x5  
  115  13:26  Gateway  
  125  13:29  Gateway  
  125  13:30  Gateway  
  125  13:33  Gateway  
  121  13:39  Disruptor (Chrono Boost)  
  121  13:40  Photon Cannon  
  121  13:42  Photon Cannon  
  124  13:55  Stalker x5  
Tags
 
Add a new tag
Caveats
  • Supply blocks, unpowered buildings, or Contaminate may cause inaccurate times.
  • Supply counts are checked every 10 seconds.